 Dungeon Crawl Stone Soup version 0.30.1 (webtiles) character file.

Game seed: 6108202212928089904

21 AgateBread the Shooter (level 2, -1/27 HPs)
             Began as a Minotaur Hunter on July 3, 2023.
             Slain by a cerulean imp
             ... wielding a +4 spear
             ... summoned by Natasha
              (7 damage)
             ... on level 2 of the Dungeon.
             The game lasted 00:03:24 (1065 turns).

AgateBread the Shooter (Minotaur Hunter)            Turns: 1065, Time: 00:03:24

Health: -1/27      AC:  3    Str: 15    XL:     2   Next: 62%
Magic:  1/1        EV: 12    Int:  6    God:
Gold:   110        SH:  0    Dex: 13    Spells: 1/1 levels left

rFire   . . .        a - +0 shortbow
rCold   . . .        (shield currently unavailable)
rNeg    . . .        c - +0 leather armour
rPois   .            (helmet restricted)
rElec   .            (no cloak)
rCorr   .            (no gloves)
SInv    .            (no boots)
Will    .....        (no amulet)
Stlth   +            (no ring)
HPRegen 0.24/turn    (no ring)
MPRegen 0.07/turn

%: no passive effects
@: brilliant
A: horns 2, retaliatory headbutt
a: no special abilities


You were on level 2 of the Dungeon.
You visited 1 branch of the dungeon, and saw 2 of its levels.

You collected 110 gold pieces.

Inventory:

Hand Weapons
 a - a +0 shortbow (weapon)
 m - a +0 dagger
Missiles
 l - 3 poisoned darts
Armour
 c - a +0 leather armour (worn)
Jewellery
 h - a ring of willpower
Scrolls
 b - a scroll of immolation
 d - a scroll of blinking {unknown}
 f - 4 scrolls of identify {unknown}
 g - a scroll of vulnerability {unknown}
 k - a scroll of teleportation {unknown}
Potions
 e - a potion of brilliance
 i - a potion of heal wounds
 j - 2 potions of mutation {unknown}
 n - a potion of curing {unknown}
 o - a potion of lignification {unknown}
 p - a potion of might {unknown}


   Skills:
 + Level 3.8 Fighting
 - Level 4.5 Ranged Weapons
 - Level 2.1 Dodging
 - Level 0.7 Stealth


You had one spell level left.
You didn't know any spells.
Your spell library contained the following spells:

 Spells                   Type           Power      Damage    Failure   Level
 Sublimation of Blood     Necr           0%         N/A       67%         2
 Petrify                  Tmut/Erth      0%         N/A       99%         4
 Irradiate                Conj/Tmut      0%         3d11      100%        5


Dungeon Overview and Level Annotations

Branches:
Dungeon (2/15)

Altars:

Shops:
D:1 *

Annotations:
D:2 Jessica, Natasha


Innate Abilities, Weirdness & Mutations

You have a pair of horns on your head.
You reflexively headbutt those who attack you in melee.


Message History

The hobgoblin is almost dead.
You shoot an arrow. The arrow hits the hobgoblin.
You kill the hobgoblin!
Natasha, Servant of Life and Death comes into view.
She is carrying a wand of light (4).
Jessica hits you with a +0 club.
You shoot an arrow.
Natasha hisses angrily.
The arrow hits Jessica.
Jessica is lightly wounded.
Jessica hits you with a +0 club.
You shoot an arrow. The arrow hits Jessica.
Jessica is severely wounded.
Jessica misses you.
Natasha wildly gestures.
You feel troubled.
Okay, then.
Jessica attacks as you move away! Jessica hits you with a +0 club.
Natasha mewls in sadness.
You shoot an arrow.
The arrow hits Jessica but does no damage.
Jessica is severely wounded.
Jessica barely misses you.
Natasha casts a spell.
Jessica closely misses you.
You shoot an arrow. The arrow closely misses Jessica.
Natasha zaps a wand.
The bolt of light hits you! Jessica hits you with a +0 club.
* * * LOW HITPOINT WARNING * * *
You are too injured to fight recklessly!
It was a potion of brilliance.
You feel clever all of a sudden. Natasha barely misses you.
The cerulean imp hits you from afar with a +4 spear.
* * * LOW HITPOINT WARNING * * *
Jessica misses you.
It was a potion of heal wounds.
You feel much better.
Natasha zaps a wand.
The bolt of light hits you!
Ouch! That really hurt!
* * * LOW HITPOINT WARNING * * *
The cerulean imp hits you from afar with a +4 spear!
You die...

.. .# .. ..# #.
....##.#######
#...#........#
...........#
#........#
##..@h.!..#
#...@$5...#
#..†#.......#
##. ##......##
.. ##........##
..#.#.........^#
###.#..........#
...............#
#..............#
.?.....†.......#


You could see Natasha, a cerulean imp (summoned) and Jessica.

Vanquished Creatures
  2 dart slugs (D:2)
  2 ball pythons
  A bat (D:2)
  3 endoplasms (D:1)
  2 goblins
  A hobgoblin (D:2)
  A frilled lizard (D:2)
  3 rats
15 creatures vanquished.

Notes
Turn   | Place    | Note
-------+----------+-------------------------------------------
     0 | D:1      | AgateBread the Minotaur Hunter began the quest for the Orb.
     0 | D:1      | Reached XP level 1. HP: 18/18 MP: 0/0
   111 | D:1      | Found Deuhiw's Assorted Antiques.
   849 | D:2      | Reached XP level 2. HP: 26/26 MP: 1/1
  1054 | D:2      | Noticed Jessica
  1058 | D:2      | Noticed Natasha
  1065 | D:2      | Slain by a cerulean imp

Illustrated notes

Levels and vault maps discovered:
D:1:      dpeg_arrival_rhombus, layout_basic, serial_shops, shop
D:2:      layout_rooms, minmay_pentomino_t4, uniq_robin, uniq_jessica,
          uniq_natasha

Skill      XL: |  1 |
---------------+----+-----
Fighting       | 3 |  3.8
Ranged Weapons | |  4.5
Dodging        | |  2.1
Stealth        | |  0.7

Action                     || total
---------------------------++-------
   Fire: Shortbow          ||    43
    Use: Potion            ||     2
 Armour: Leather armour    ||     6
  Dodge: Dodged            ||    13
